 Dungeon Crawl Stone Soup version 0.27-a0-1181-g5f64966fcc (webtiles) character file.

Game seed: 6336202611679279689

84785 leviel the Severer (level 15, -1/139 HPs)
             Began as a Minotaur Fighter on May 17, 2021.
             Was a High Priest of Makhleb.
             Slain by an Executioner (2 damage)
             ... summoned by the player character
             ... while petrified by a catoblepas
             ... in a Gauntlet.
             The game lasted 01:03:22 (32017 turns).

leviel the Severer (Minotaur Fighter)              Turns: 32017, Time: 01:03:23

Health: -1/139     AC: 28    Str: 26    XL:     15   Next: 36%
Magic:  23/23      EV:  2    Int:  5    God:    Makhleb [*****.]
Gold:   2879       SH:  0    Dex: 11    Spells: 14/14 levels left

rFire    + . .     SeeInvis .   a - +5 war axe
rCold    . . .     Faith    .   L - +3 kite shield
rNeg     + + +     Spirit   .   O - +3 plate armour
rPois    ∞         Reflect  .   (helmet restricted)
rElec    .         Harm     .   U - +2 cloak
rCorr    .         Rampage  .   l - +2 pair of gloves
Will     +....     NoTele   +   D - +0 pair of boots
Stlth    ..........             X - amulet of regeneration
HPRegen  1.33/turn              x - ring of poison resistance
MPRegen  0.18/turn              T - ring of flight

@: silenced, petrified, flying, hasted
A: horns 2, retaliatory headbutt, beak, hooves 1, fire resistance 1, high mp 1
a: Renounce Religion


You were in a Gauntlet.
You worshipped Makhleb.
Makhleb was extremely pleased with you.
You visited 4 branches of the dungeon, and saw 24 of its levels.
You also visited: Ossuary, Gauntlet and Ice Cave.

You collected 3501 gold pieces.
You spent 622 gold pieces at shops.

Inventory:

Hand Weapons
 a - a +5 war axe (weapon)
 m - a +1 war axe of flaming
 G - a +0 executioner's axe of venom
Missiles
 f - 5 boomerangs of dispersal
 p - 3 throwing nets
 r - 13 atropa-tipped darts
 v - 89 poisoned darts
 y - 11 silver javelins (quivered)
 J - 8 datura-tipped darts
 K - a curare-tipped dart
 R - 12 javelins
Armour
 l - a +2 pair of gloves (worn)
 C - a +9 plate armour of ponderousness
 D - a +0 pair of boots (worn)
 L - a +3 kite shield (worn)
 O - a +3 plate armour (worn)
 U - a +2 cloak (worn)
 Z - a +0 pair of gloves of strength
Jewellery
 c - a ring of see invisible
 i - a ring of resist corrosion
 x - a ring of poison resistance (left hand)
 F - a +4 ring of protection
 I - a +4 ring of evasion
 T - a ring of flight (right hand)
 X - an amulet of regeneration (around neck)
Wands
 u - a wand of acid (16)
 w - a wand of polymorph (60)
 A - a wand of charming (10)
 H - a wand of iceblast (78)
 N - a wand of flame (49)
 P - a wand of mindburst (22)
 Q - a wand of paralysis (18)
Scrolls
 g - a scroll of magic mapping
 h - 8 scrolls of teleportation
 z - a scroll of blinking
 E - a scroll of brand weapon
 M - 2 scrolls of silence
 W - 6 scrolls of identify {@r1}
 Y - a scroll of fog
Potions
 d - a potion of might
 e - 11 potions of curing
 j - 2 potions of magic
 k - 8 potions of mutation
 n - 2 potions of cancellation
 o - 2 potions of haste
 q - 7 potions of ambrosia
 s - 2 potions of resistance
 t - 6 potions of lignification
 B - a potion of berserk rage
 V - a potion of heal wounds
Miscellaneous
 b - a piece from Xom's chessboard (15/15)
 S - a tin of tremorstones (2/2)


   Skills:
 + Level 14.6 Fighting
 - Level 16.0 Axes
 - Level 6.0 Throwing
 + Level 14.5 Armour
 + Level 14.6 Shields
 - Level 10.0 Invocations


You had 14 spell levels left.
You didn't know any spells.
Your spell library contained the following spells:

 Spells                   Type           Power      Damage    Failure   Level
 Animate Skeleton         Necr           0%         N/A       98%         1
 Apportation              Tloc           0%         N/A       98%         1
 Corona                   Hex            0%         N/A       98%         1
 Foxfire                  Conj/Fire      0%         2x1d4     98%         1
 Freeze                   Ice            0%         1d3       98%         1
 Magic Dart               Conj           0%         1d3       98%         1
 Shock                    Conj/Air       0%         1d3       98%         1
 Summon Small Mammal      Summ           0%         N/A       98%         1
 Blink                    Tloc           N/A        N/A       99%         2
 Call Imp                 Summ           0%         N/A       99%         2
 Ensorcelled Hibernation  Hex/Ice        0%         N/A       99%         2
 Slow                     Hex            0%         N/A       99%         2
 Static Discharge         Conj/Air       0%         N/A       99%         2
 Confusing Touch          Hex            0%         N/A       100%        3
 Conjure Flame            Conj/Fire      0%         6-21      100%        3
 Dazzling Flash           Conj/Hex       0%         N/A       100%        3
 Frozen Ramparts          Ice            0%         1d2       100%        3
 Inner Flame              Hex/Fire       0%         N/A       100%        3
 Mephitic Cloud           Conj/Pois/Air  0%         N/A       100%        3
 Ozocubu's Armour         Ice            0%         N/A       100%        3
 Portal Projectile        Hex/Tloc       0%         N/A       100%        3
 Swiftness                Air            0%         N/A       100%        3
 Tukima's Dance           Hex            0%         N/A       100%        3
 Airstrike                Air            0%         N/A       100%        4
 Animate Armour           Summ/Erth      0%         N/A       100%        4
 Cause Fear               Hex            0%         N/A       100%        4
 Hailstorm                Conj/Ice       0%         3d3       100%        4
 Ice Form                 Ice/Tmut       0%         N/A       100%        4
 Leda's Liquefaction      Hex/Erth       0%         N/A       100%        4
 Sticky Flame             Conj/Fire      0%         2d3       100%        4
 Summon Ice Beast         Ice/Summ       0%         N/A       100%        4
 Bolt of Magma            Conj/Fire/Erth 0%         4d4       100%        5
 Fireball                 Conj/Fire      0%         3d3       100%        5
 Lightning Bolt           Conj/Air       0%         1d11      100%        5
 Metabolic Englaciation   Hex/Ice        0%         N/A       100%        5
 Summon Forest            Summ/Tloc      0%         N/A       100%        5
 Summon Mana Viper        Hex/Summ       0%         N/A       100%        5
 Freezing Cloud           Conj/Ice/Air   0%         6-21      100%        6
 Iron Shot                Conj/Erth      0%         9d1       100%        6
 Shadow Creatures         Summ           N/A        N/A       100%        6
 Simulacrum               Ice/Necr       0%         N/A       100%        6
 Statue Form              Tmut/Erth      0%         N/A       100%        6
 Ozocubu's Refrigeration  Ice            0%         4d5       100%        7
 Summon Hydra             Summ           0%         N/A       100%        7
 Shatter                  Erth           0%         3d5*      100%        9


Dungeon Overview and Level Annotations

Branches:
Dungeon (15/15)            Temple (1/1) D:7            Lair (6/6) D:10
 Shoals (0/4) Lair:4       Spider (0/4) Lair:2        Slime (0/5) Lair:5
    Orc (2/2) D:9             Elf (0/3) Orc:2        Vaults (0/5) D:13
 Depths (0/5) D:15        Ossuary (visited)           IceCv (visited)
Gauntlet (1/1)

Altars:
Ashenzari
Cheibriados
Dithmenos
Elyvilon
Fedhas
Gozag
Hepliaklqana
Kikubaaqudgha
Makhleb
Nemelex Xobeh
Okawaru
Qazlal
Ru
Sif Muna
Trog
Uskayaw
Vehumet
Wu Jian
Xom
Yredelemnul
Zin
The Shining One
Beogh
Jiyva

Shops:
D:8 (   D:13 ((*(   D:14 =   Orc:1 *   Orc:2 *:!([

Annotations:
Lair:4 exclusions: ice statue and 3 oklob plants
Orc:1 1 runed translucent door, Taxiw's ghost, journeyman DrTm Gauntlet 9 transporters


Innate Abilities, Weirdness & Mutations

You have a pair of horns on your head.
You reflexively headbutt those who attack you in melee.
You have a beak for a mouth.
You have large cloven feet.
Your flesh is heat resistant. (rF+)
You have an increased reservoir of magic. (+10% MP)


Message History

The catoblepas gores you but does no damage.
The gargoyle hits you but does no damage.
The Executioner hits you but does no damage. x2
The Executioner hits you.
The Executioner hits you but does no damage. x3
The Executioner hits you!!
* * * LOW HITPOINT WARNING * * *
The Executioner hits you.
* * * LOW HITPOINT WARNING * * *
The Executioner hits you but does no damage.
The gargoyle completely misses you. The catoblepas gores you!
* * * LOW HITPOINT WARNING * * *
The Executioner hits you!
* * * LOW HITPOINT WARNING * * *
The Executioner hits you but does no damage. x2
The Executioner hits you but does no damage. x3
The Executioner hits you!
* * * LOW HITPOINT WARNING * * *
The Executioner hits you but does no damage. x2
The molten gargoyle hits you but does no damage.
The gargoyle hits you but does no damage.
The catoblepas gores you but does no damage.
The Executioner hits you but does no damage. x2
The Executioner completely misses you. The Executioner hits you!
* * * LOW HITPOINT WARNING * * *
The Executioner hits you but does no damage.
The Executioner hits you.
* * * LOW HITPOINT WARNING * * *
The Executioner hits you.
* * * LOW HITPOINT WARNING * * *
The Executioner hits you.
* * * LOW HITPOINT WARNING * * *
The Executioner hits you but does no damage.
The molten gargoyle barely misses you. The catoblepas gores you!
* * * LOW HITPOINT WARNING * * *
The gargoyle completely misses you.
The Executioner hits you but does no damage.
The Executioner hits you.
You die...

................. # ### ### ###
############# ### #
###≈###≈###≈###...........###≈###
≈#≈≈≈#≈≈≈#≈≈≈#..♣P......♣..#≈≈≈#≈
...............P....∩...PP.......
.P♣P.P♣...♣P..♣P..........♣P..♣P.
.................................
.#########.#########.#########.##
.#.$.©[###.#..99@9.#.#G##©##.#.#3
.#.###?###.#...8Y1.#.#"#..#.!#.#3
.#.##..#.#.#8.8.8.8#.##.##.###.#3
.#...©...#.##8.©)8##.#..#©.#.#.#.
.#.#..##.#.#8.8.8.8#.###.##.##.#.
.###.###.#.#...8...#.##..#..##.#.
.###.....#.#..8#8..#.#G##.##.#.#.
.###################.############
....#©....©....©#.......#©....©..


You could see a catoblepas, an Executioner (summoned, fast), 2 glowing orange
brains, a molten gargoyle and 2 gargoyles.

Vanquished Creatures
  Rupert (D:13)
  An ettin (Orc:1)
  Josephine (D:11)
  2 ice dragons
  A rakshasa (D:14)
  A boulder beetle (D:12)
  Harold (D:11)
  6 hydras
  4 centaur warriors
  2 dancing weapons (D:13)
  2 two-headed ogres
  2 tengu warriors (D:15)
  6 orc high priests (Orc:2)
  Urug (Lair:3)
  3 lindwurms
  2 necromancers
  A manticore (D:15)
  7 orc knights
  3 ugly things
  2 deep elf pyromancers
  19 elephants
  2 orc sorcerers
  4 cyclopes
  4 black mambas
  5 torpor snails (Lair:6)
  3 ice statues
  2 gargoyles
  A guardian serpent (shapeshifter) (D:13)
  A molten gargoyle (Gauntlet)
  5 rime drakes
  An unseen horror (D:9)
  8 cane toads
  3 komodo dragons
  10 freezing wraiths (IceCv)
  A queen bee (Gauntlet)
  9 trolls
  4 polar bears
  3 tyrant leeches (Lair:6)
  4 blink frogs
  9 hornets
  6 dream sheep (Lair:6)
  A vampire (D:10)
  A shadow (D:10)
  26 yaks
  6 wraiths
  4 wyverns (D:10)
  2 vampire mosquitoes (D:12)
  6 basilisks
  A steam dragon (D:6)
  3 wargs
  17 water moccasins
  An acid dragon (D:12)
  5 black bears
  26 ice beasts
  38 orc warriors
  9 wolves
  10 centaurs
  8 ogres
  A phantom (D:8)
  3 kobold brigands (D:10)
  9 bullfrogs
  A gnoll sergeant (D:10)
  3 water moccasin zombies
  9 scorpions
  2 troll zombies (D:9)
  2 water moccasin skeletons (D:5)
  7 killer bees
  An elephant simulacrum (IceCv)
  7 wights
  2 howler monkeys
  3 draconian simulacra (IceCv)
  4 centaur zombies
  A bullfrog zombie (D:6)
  31 orc priests
  3 centaur skeletons
  A gnoll shaman (D:9)
  5 hounds
  7 jellies
  2 bullfrog skeletons
  Jessica (D:3)
  2 iguanas
  28 orc wizards
  2 spriggan simulacra (IceCv)
  2 polar bear simulacra (IceCv)
  2 killer bee zombies (D:7)
  5 troll simulacra (IceCv)
  A wolf simulacrum (IceCv)
  3 centaur simulacra
  6 ogre zombies (D:9)
  A hound skeleton (D:5)
  8 mummies (Ossuary)
  4 howler monkey zombies
  7 adders
  4 ogre simulacra (IceCv)
  7 gnolls
  A howler monkey skeleton (D:6)
  2 naga simulacra (IceCv)
  A shadow imp (D:7)
  13 white imps
  3 ufetubi
  6 worms
  2 dart slugs
  80 orcs
  7 ball pythons
  5 bats
  6 endoplasms
  5 giant cockroaches
  5 goblins
  7 hobgoblins
  3 jackals (D:2)
  6 kobolds
  4 quokkas
  4 frilled lizards
  3 gnoll zombies (Ossuary)
  A goblin skeleton (D:9)
  A goblin zombie (D:6)
  A hobgoblin skeleton (D:9)
  6 hobgoblin zombies
  An orc skeleton (D:9)
  20 orc zombies
  6 rats
  A rat zombie (D:6)
704 creatures vanquished.

Vanquished Creatures (collateral kills)
  Snorg (Lair:3)
  An ice dragon (D:14)
  5 hydras
  A cane toad (Lair:4)
  2 ice statues (D:14)
  2 komodo dragons
  9 yaks
  A basilisk (Lair:4)
  A water moccasin (Lair:4)
  An ice beast (Lair:4)
  A wolf (Lair:6)
  2 troll simulacra (IceCv)
  2 white imps (IceCv)
29 creatures vanquished.

Vanquished Creatures (others)
  18 fungi
  31 plants
  4 withered plants (Gauntlet)
53 creatures vanquished.

Grand Total: 786 creatures vanquished

Notes
Turn   | Place    | Note
-------+----------+-------------------------------------------
     0 | D:1      | leviel the Minotaur Fighter began the quest for the Orb.
     0 | D:1      | Reached XP level 1. HP: 19/19 MP: 0/0
   248 | D:1      | Reached XP level 2. HP: 25/27 MP: 1/1
   298 | D:1      | Found a faded altar of an unknown god.
   993 | D:2      | Reached skill level 3 in Axes
   993 | D:2      | Reached XP level 3. HP: 33/33 MP: 2/2
  1267 | D:2      | Found a shimmering altar of Xom.
  1463 | D:3      | Reached skill level 4 in Axes
  1463 | D:3      | Reached XP level 4. HP: 32/41 MP: 3/3
  1627 | D:3      | Noticed Jessica
  1633 | D:3      | Killed Jessica
  1634 | D:3      | Reached XP level 5. HP: 47/47 MP: 4/4
  1697 | D:3      | Found a hide-covered altar of Uskayaw.
  1819 | D:3      | Found a burning altar of Makhleb.
  1822 | D:3      | Found a broken altar of Ashenzari.
  1827 | D:3      | Found a glowing silver altar of Zin.
  2502 | D:3      | Reached skill level 5 in Fighting
  2703 | D:4      | Reached skill level 5 in Axes
  2703 | D:4      | Reached XP level 6. HP: 35/56 MP: 5/5
  2827 | D:4      | Found a radiant altar of Vehumet.
  2918 | D:4      | Found a bloodstained altar of Trog.
  2943 | D:4      | You fall into a shaft and drop 1 floor!
  2943 | D:5      | Entered Level 5 of the Dungeon
  2963 | D:5      | Reached skill level 5 in Shields
  2966 | D:5      | Reached skill level 5 in Armour
  2972 | D:5      | Gained mutation: Armour fits poorly on your strangely
                  | shaped body. [potion of mutation]
  2972 | D:5      | Gained mutation: You are frail. (-10% HP) [potion of
                  | mutation]
  3204 | D:5      | Lost mutation: Armour fits poorly on your strangely shaped
                  | body. [potion of mutation]
  3204 | D:5      | Lost mutation: You are frail. (-10% HP) [potion of
                  | mutation]
  3204 | D:5      | Gained mutation: You have an increased reservoir of magic.
                  | (+10% MP) [potion of mutation]
  3204 | D:5      | Gained mutation: You have a beak for a mouth. [potion of
                  | mutation]
  3204 | D:5      | Gained mutation: You have large cloven feet. [potion of
                  | mutation]
  3204 | D:5      | Gained mutation: Your flesh is heat resistant. (rF+)
                  | [potion of mutation]
  3326 | D:5      | Reached XP level 7. HP: 56/61 MP: 6/6
  3396 | D:5      | Reached skill level 6 in Axes
  3853 | D:4      | Found a sparkling altar of Nemelex Xobeh.
  4386 | D:5      | Reached skill level 7 in Axes
  4676 | D:5      | Reached XP level 8. HP: 71/71 MP: 7/7
  4946 | D:5      | Reached skill level 1 in Throwing
  5636 | D:6      | Found a sand-covered staircase.
  5645 | Ossuary  | Entered an ossuary
  5667 | Ossuary  | Reached skill level 8 in Axes
  6506 | D:6      | Found a snail-covered altar of Cheibriados.
  6653 | D:6      | Found an iron altar of Okawaru.
  6807 | D:6      | Reached XP level 9. HP: 73/78 MP: 8/8
  6831 | D:6      | Reached skill level 9 in Axes
  7133 | D:7      | Found a staircase to the Ecumenical Temple.
  7157 | Temple   | Entered the Ecumenical Temple
  7570 | D:3      | Became a worshipper of Makhleb the Destroyer
  7792 | D:7      | Noticed a troll
  7801 | D:7      | Killed a troll
  8131 | D:7      | Found a stormy altar of Qazlal.
  8765 | D:8      | Reached skill level 10 in Axes
  9177 | D:8      | Found Tuodin's Antique Weapon Boutique.
  9286 | D:8      | Reached * piety under Makhleb
  9523 | D:8      | Reached XP level 10. HP: 86/87 MP: 10/10
 10412 | D:8      | Reached skill level 11 in Axes
 10430 | D:8      | Reached skill level 5 in Throwing
 11481 | D:9      | Reached ** piety under Makhleb
 11617 | D:9      | Found a staircase to the Orcish Mines.
 12291 | D:10     | Entered Level 10 of the Dungeon
 12367 | D:10     | Reached skill level 12 in Axes
 12477 | D:10     | Reached XP level 11. HP: 96/97 MP: 11/11
 12584 | D:10     | Reached *** piety under Makhleb
 12823 | D:10     | Found a staircase to the Lair.
 13273 | D:10     | Reached skill level 1 in Invocations
 14004 | D:10     | Found a sacrificial altar of Ru.
 14425 | D:10     | Reached skill level 10 in Fighting
 14519 | D:10     | Identified a scroll of acquirement
 14519 | D:10     | Acquired 694 gold pieces
 14525 | Lair:1   | Entered Level 1 of the Lair of Beasts
 14630 | Lair:1   | Noticed an eight-headed hydra
 14636 | Lair:1   | Killed an eight-headed hydra
 14788 | Lair:1   | Noticed a seven-headed hydra
 14802 | Lair:1   | Killed an eight-headed hydra
 14803 | Lair:1   | Reached skill level 10 in Shields
 14888 | Lair:1   | Reached skill level 13 in Axes
 14888 | Lair:1   | Reached skill level 10 in Armour
 15309 | Lair:1   | Noticed a six-headed hydra
 15322 | Lair:1   | Killed a seven-headed hydra
 15703 | Lair:2   | Noticed a seven-headed hydra
 15710 | Lair:2   | Killed a seven-headed hydra
 16011 | Lair:2   | Found a hole to the Spider Nest.
 16065 | Lair:2   | Reached XP level 12. HP: 90/108 MP: 13/15
 16837 | Lair:3   | Noticed Snorg
 16857 | Lair:3   | Killed Snorg
 16858 | Lair:3   | Reached skill level 14 in Axes
 17473 | Lair:3   | Noticed Urug
 17486 | Lair:3   | Killed Urug
 17699 | Lair:3   | Found an ornate altar of the Wu Jian Council.
 18022 | Lair:4   | Noticed a five-headed hydra
 18029 | Lair:4   | Killed a five-headed hydra
 18128 | Lair:4   | Reached skill level 5 in Invocations
 18202 | Lair:4   | Noticed an ice dragon
 18213 | Lair:4   | Killed an ice dragon
 18508 | Lair:4   | Found a staircase to the Shoals.
 18664 | Lair:4   | Reached skill level 15 in Axes
 19441 | Lair:5   | Reached XP level 13. HP: 109/117 MP: 17/17
 19673 | Lair:5   | Paralysed by a hornet for 2 turns
 19763 | Lair:5   | Reached **** piety under Makhleb
 20303 | Lair:5   | Found a runed translucent door.
 20305 | Lair:5   | Found a viscous altar of Jiyva.
 20309 | Lair:5   | Found a staircase to the Slime Pits.
 20430 | Lair:6   | Entered Level 6 of the Lair of Beasts
 20980 | Lair:6   | Found a runed translucent door.
 21162 | Lair:6   | Reached skill level 16 in Axes
 22352 | Orc:1    | Entered Level 1 of the Orcish Mines
 22555 | Orc:1    | Found a runed translucent door.
 22557 | Orc:1    | Found a shimmering altar of Xom.
 22557 | Orc:1    | Noticed Taxiw's ghost (journeyman DrTm)
 22771 | Orc:2    | Entered Level 2 of the Orcish Mines
 23045 | Orc:2    | Reached XP level 14. HP: 92/127 MP: 20/20
 23589 | Orc:1    | Upgraded the game from 0.27-a0-1177-g245c70e1c0 to
                  | 0.27-a0-1181-g5f64966fcc
 23876 | Orc:2    | Reached ***** piety under Makhleb
 23947 | Orc:1    | HP: 7/190 [orc warrior/+0 mace (4)]
 23951 | Orc:1    | HP: 1/190 [orc knight/+2 great sword of electrocution (9)]
 24797 | Orc:2    | Paralysed by an orc sorcerer for 7 turns
 24927 | Orc:2    | Found a staircase to the Elven Halls.
 25083 | Orc:2    | Found Guhi's Assorted Antiques.
 25563 | Orc:2    | Found Tiuteut's Book Shop.
 25566 | Orc:2    | Found Nysk's Distillery.
 25569 | Orc:2    | Found Zoisorr's Weapon Shop.
 25570 | Orc:2    | Found Jiazof's Antique Armour Shop.
 25651 | Orc:1    | Found Mbucrol's Merry Market.
 26316 | D:11     | Noticed Josephine
 26326 | D:11     | Killed Josephine
 26615 | D:11     | Noticed Harold
 26627 | D:11     | Killed Harold
 27041 | D:12     | Found a frozen archway.
 27050 | IceCv    | Entered an ice cave
 27412 | IceCv    | Found an ancient bone altar of Kikubaaqudgha.
 27458 | IceCv    | Reached ****** piety under Makhleb
 28626 | D:12     | Found a shimmering blue altar of Sif Muna.
 28852 | D:13     | Found Meqatoaj's Assorted Antiques.
 28898 | D:13     | Reached skill level 10 in Invocations
 28900 | D:13     | Found Atuidirch's Antique Weapon Shop.
 28910 | D:13     | Bought a bloodstained hand axe for 232 gold pieces
 28910 | D:13     | Identified the +3 hand axe of Honesty {vorpal, rC+++ Str-4
                  | Dex+8} (You bought it in a shop on level 13 of the Dungeon)
 29158 | D:13     | Found a gate to the Vaults.
 29361 | D:13     | Found Leoviem's Weapon Shop.
 29366 | D:13     | Noticed Rupert
 29372 | D:13     | Paralysed by Rupert for 3 turns
 29379 | D:13     | Killed Rupert
 29380 | D:13     | Reached XP level 15. HP: 138/138 MP: 23/23
 29476 | D:13     | Found Muos's Weapon Boutique.
 30731 | D:14     | Identified the +2 robe "Coetoch" {rPois rC+}
 30926 | D:14     | Found Lonneuj's Jewellery Emporium.
 30929 | D:14     | Bought an amulet of regeneration for 390 gold pieces
 31504 | D:15     | Entered Level 15 of the Dungeon
 31606 | D:15     | Found a gate leading to a gauntlet.
 31619 | Gauntlet | Entered a Gauntlet
 31619 | Gauntlet | Found a transporter.
 31628 | Gauntlet | Found a transporter.
 31631 | Gauntlet | Found a transporter.
 31642 | Gauntlet | Found a transporter.
 31645 | Gauntlet | Found a transporter.
 31653 | Gauntlet | Found a transporter.
 31675 | Gauntlet | Found a transporter.
 31687 | Gauntlet | Found a transporter.
 31699 | Gauntlet | Found a transporter.
 31722 | Gauntlet | Found a transporter.
 31732 | Gauntlet | Found a transporter.
 31732 | Gauntlet | Found a transporter.
 31782 | Gauntlet | Found a transporter.
 31800 | Gauntlet | Found a transporter.
 31990 | Gauntlet | Noticed an Executioner
 32017 | Gauntlet | HP: 1/139 [catoblepas (8)]
 32017 | Gauntlet | Slain by an Executioner

Illustrated notes

Levels and vault maps discovered:
D:1:      dpeg_arrival_water_temple_mockup, layout_basic,
          hellmonk_ecumenical_altar_arch_garden
D:2:      layout_rooms, basic_altar
D:3:      minmay_recursive_quarters, layout_basic, lemuel_tele_altar,
          grunt_temple_overflow_diamond, uniq_jessica
D:4:      layout_cave_pools, trog_three_pillars_becter,
          overflow_temple_1_default, lemuel_coloured_pillars_altar, st_stairs_3
D:5:      wad_river_or_something, layout_gridville, roderic_serpentine_path,
          dk_vineyard_3
D:6:      layout_cave_pools, marbit_many_paths, kennysheep_little_box,
          enter_ossuary_4, hangedman_decor_points, grunt_ministairs_12,
          nrook_campfire, kennysheep_generic_room_16
D:7:      layout_loops_cross, grunt_qazlal_sundering,
          minmay_temple_entry_stoned_glass, minivault_22, minmay_crossroads
D:8:      layout_loops_ring, serial_shops, nicolae_shop_trees,
          minmay_increasing_density
D:9:      layout_small_grid, zombieorc2_lemuel, solitary_fountain,
          nrook_mini_backslash
D:10:     layout_cave_pools, nicolae_ru_path_of_blood, david_lair_generic,
          onia_ninara_cookie
D:11:     layout_basic, uniq_harold, uniq_josephine
D:12:     layout_long_grid, portal_ice_cave_entry_pillars_1,
          kennysheep_pointless_box, lemuel_blue_sif_altar
D:13:     layout_layer_cave, erik_vaults_1, serial_shops,
          nicolae_shop_overgrown_old_shop, kennysheep_mini, shop,
          nicolae_shop_temple_entry_statues_fountains, uniq_rupert
D:14:     minmay_ice_pillars, layout_gridville, serial_shops,
          kennysheep_mini_moat, hangedman_decor_diamond_cutter
D:15:     grunt_enter_depths_magical_seal, layout_rooms, interstate_on_off,
          gauntlet_entry_generic
Temple:   jpeg_temple_clearing
Lair:1:   layout_long_grid
Lair:2:   layout_chaotic_city, nicolae_spider_entry_non_spiders,
          grunt_megastairs_5, infiniplex_staircase_pool_2
Lair:3:   layout_gridlike, basic_altar, uniq_snorg, uniq_urug
Lair:4:   layout_regular_city, elwin_shoals_entry_rooms, serial_bayou_ford_a,
          ice2_lemuel, lemuel_fruit_tree, minmay_lair_oklob_chamber
Lair:5:   cheibrodos_lair_overgrown_chateau, layout_regular_city, slime_altar_2,
          kennysheep_catoblepas_arena
Lair:6:   wormcave, layout_gridlike
Orc:1:    nicolae_orc_accident_1, layout_caves, ebering_ghost_xom,
          nicolae_alphabet_shops
Orc:2:    st_orc_pillars, layout_caves, serial_shops, shop, basic_altar
Gauntlet: minmay_gauntlet_77_tree [minmay_gauntlet_arena_77_museum,
          minmay_gauntlet_arena_77_box, minmay_gauntlet_arena_77_broken_ladder,
          minmay_gauntlet_arena_77_p_blocks,
          minmay_gauntlet_arena_77_terracotta_army,
          minmay_gauntlet_arena_77_tiled_triplets,
          minmay_gauntlet_arena_77_hold_the_fort, gauntlet_exit_hidden_loot]

Skill      XL: |  1  2  3  4  5  6  7  8  9 10 11 12 13 14 15 |
---------------+----------------------------------------------+-----
Fighting       | 4 5 6 7 8 9 10 11 12 14 | 14.6
Axes           | 3 4 5 7 8 10 12 13 15 16 | 16.0
Armour         | 4 5 6 7 8 9 10 11 12 13 14 | 14.5
Shields        | 4 5 6 7 8 9 10 11 12 14 | 14.6
Throwing       | 2 4 5 6 |  6.0
Invocations    | 3 5 7 10 | 10.0

Action                   |  1- 3 |  4- 6 |  7- 9 | 10-12 | 13-15 || total
-------------------------+-------+-------+-------+-------+-------++-------
Melee: War axe           |    89 |    78 |   271 |   582 |  1101 ||  2121
       Headbutt          |    14 |    12 |    63 |   144 |   239 ||   472
       Kick              |       |     6 |    82 |    55 |       ||   143
       Peck              |       |     5 |    53 |   133 |   249 ||   440
Throw: Dart              |       |       |     1 |       |       ||     1
       Javelin           |       |       |       |       |    10 ||    10
Invok: Lesser Servant of |       |       |       |    16 |     9 ||    25
       Minor Destruction |       |       |       |     1 |       ||     1
       Greater Servant o |       |       |       |       |     3 ||     3
       Major Destruction |       |       |       |       |     1 ||     1
Evoke: Wand              |       |       |       |     6 |     1 ||     7
       Tin of tremorston |       |       |       |     1 |     2 ||     3
  Use: Potion            |       |     3 |     1 |     7 |    10 ||    21
       Scroll            |       |       |    17 |    13 |    13 ||    43
 Stab: Distracted        |       |       |       |     2 |       ||     2
       Petrified         |       |       |       |       |     4 ||     4
Armor: Scale mail        |    63 |    40 |    90 |   187 |       ||   380
       Plate armour      |       |       |       |   116 |   461 ||   577
       Skin              |       |       |       |       |     1 ||     1
Dodge: Dodged            |    34 |    32 |    82 |   170 |   185 ||   503
Block: Kite shield       |    44 |    47 |   117 |   401 |   804 ||  1413

Table legend: (Time is in decaauts)
 A = Elapsed time spent in this place.
 B = Non-inter-level travel time spent in this place.
 C = Inter-level travel time spent in this place.
 D = Time resting spent in this place.
 E = Time spent auto-exploring this place.
 F = Levels seen in this place.
 G = Mean time per level.
                   A        B        C        D        E       F      G
               +--------+--------+--------+--------+--------+-----+--------+
         Total |  31962 |  30211 |   1751 |   7097 |  18302 |  27 | 1183.8 |
       Dungeon |  18593 |  17288 |   1305 |   3666 |  11034 |  15 | 1239.5 |
        Temple |    194 |    176 |     18 |      0 |    176 |   1 |  194.0 |
          Lair |   7754 |   7447 |    307 |   1302 |   5101 |   6 | 1292.3 |
  Orcish Mines |   3740 |   3621 |    119 |   1837 |   1154 |   2 | 1870.0 |
       Ossuary |    487 |    487 |      0 |    190 |    222 |   1 |  487.0 |
      Ice Cave |    811 |    811 |      0 |    102 |    424 |   1 |  811.0 |
      Gauntlet |    381 |    381 |      0 |      0 |    191 |   1 |  381.0 |
               +--------+--------+--------+--------+--------+-----+--------+

Top non-repeatable levels by time:
     D:8: 2581 daAuts
   Orc:1: 2556 daAuts
     D:5: 2406 daAuts
  Lair:6: 1820 daAuts
    D:10: 1706 daAuts
     D:9: 1680 daAuts
     D:3: 1458 daAuts
    D:14: 1372 daAuts
  Lair:3: 1363 daAuts
    D:13: 1295 daAuts
  Lair:5: 1293 daAuts
  Lair:4: 1255 daAuts
   Orc:2: 1184 daAuts
     D:7: 1150 daAuts
  Lair:1: 1022 daAuts
